[Event "Early-Titled-Tuesday-Blitz-September-05-2023"]
[Site "Chess.com"]
[Date "2023.09.05"]
[Round "9"]
[White "CristianS27"]
[Black "Hamisandwich"]
[Result "1-0"]
[WhiteElo "2533"]
[BlackElo "2638"]
[TimeControl "180+1"]
[EndTime "9:38:21 PDT"]
[Termination "CristianS27 won by resignation"]

1. e4 a6 2. d4 c6 3. c4 d6 4.
Nc3 Nf6 5. Be2 g6 6. f4 Bg7 7. Nf3 O-O 8. O-O Bg4 9. e5 Nfd7 10. h3 Bxf3 11. Bxf3 Qc7 12. Be3 e6 13. Ne4 d5 14.
cxd5 cxd5 15. Nd6 Nc6 16. Rc1 Qb6 17. Qb3 Nxd4 18. Qxb6 Nxf3+ 19. Rxf3 Nxb6 20. Bxb6 1-0

[Event "Early-Titled-Tuesday-Blitz-September-05-2023"]
[Site "Chess.com"]
[Date "2023.09.05"]
[Round "9"]
[White "korbul"]
[Black "LileKoridze"]
[Result "0-1"]
[WhiteElo "2578"]
[BlackElo "2384"]
[TimeControl "180+1"]
[EndTime "9:38:30 PDT"]
[Termination "LileKoridze won by resignation"]

1. e4 c5 2. Nf3 d6 3. d4 cxd4 4. Nxd4 Nf6 5. Nc3 a6 6. Be2 e5 7.
Nb3 Be7 8. O-O O-O 9. Be3 Be6 10. f3 Nbd7 11. Rf2 Qc7 12. Bf1 b5 13. Rd2 Rfc8 14. a4 b4 15. Nd5 Nxd5 16. exd5 Bf5 17. Rc1 Nb6 18. Na5 Nxa4 19. Nc6 Nxb2 20. Qe1 a5 21. c4 Na4 22. c5 Nxc5 23. Bxc5 dxc5 24. Nxe7+ Qxe7 25. d6 Qf6 26. Qe3 a4 27. Rxc5 a3 28.
Rxc8+ Bxc8 29. d7 Bxd7 30. Rxd7 a2 0-1

[Event "Early-Titled-Tuesday-Blitz-September-05-2023"]
[Site "Chess.com"]
[Date "2023.09.05"]
[Round "9"]
[White "koncheto"]
[Black "AsaHoffmann"]
[Result "1-0"]
[WhiteElo "2538"]
[BlackElo "2379"]
[TimeControl "180+1"]
[EndTime "9:38:46 PDT"]
[Termination "koncheto won by resignation"]

1. e4 d6 2. d4 Nf6 3. Bd3 e5 4.
c3 Nc6 5. Ne2 Be7 6. O-O O-O 7. f4 Bg4 8. Be3 d5 9. fxe5 Nxe4 10.
Nd2 f5 11. exf6 Nxf6 12. Nf3 Bd6 13. Nf4 Re8 14. Qd2 Ne4 15. Qc2 Nxc3 16. Bxh7+ Kh8 17.
Ng6+ Kxh7 18. Nf8+ Kg8 19. Qh7+ Kxf8 20. Ng5+ 1-0

[Event "Early-Titled-Tuesday-Blitz-September-05-2023"]
[Site "Chess.com"]
[Date "2023.09.05"]
[Round "9"]
[White "BogdanDeac"]
[Black "Let_it_be_1"]
[Result "1-0"]
[WhiteElo "3005"]
[BlackElo "2642"]
[TimeControl "180+1"]
[EndTime "9:39:04 PDT"]
[Termination "BogdanDeac won by resignation"]

1. b3 d5 2. Bb2 Nf6 3. e3 e6 4. c4 Be7 5. Nf3 O-O 6. g3 dxc4 7. bxc4 c5 8. Bg2 Nc6 9. O-O Qc7 10. Qe2 b6 11.
Ne1 Bb7 12. f4 Rfd8 13. Nc3 a6 14. g4 Ne8 15. Rb1 Rab8 16. g5 Nd6 17. Rf3 Na5 18.
Rh3 Naxc4 19. Qh5 Nxb2 20. Qxh7+ 1-0

[Event "Early-Titled-Tuesday-Blitz-September-05-2023"]
[Site "Chess.com"]
[Date "2023.09.05"]
[Round "9"]
[White "kingofthenil"]
[Black "MITerryble"]
[Result "1-0"]
[WhiteElo "2760"]
[BlackElo "2911"]
[TimeControl "180+1"]
[EndTime "9:39:06 PDT"]
[Termination "kingofthenil won by resignation"]

1. e4 e6 2. Nf3 d5 3. exd5 exd5 4. c4 d4 5. g3 Nc6 6. Bg2 Nf6 7. O-O Be7 8. d3 O-O 9. Bf4 Bf5 10. a3 a5 11. Re1 Nd7 12. Nbd2 Nc5 13. Ne5 Nb8 14.
Nb3 Nba6 15. Nxa5 g5 16. Nxb7 Nxb7 17. Nc6 Qd7 18. Rxe7 Qc8 19. Bxg5 f6 20. Bh6 Rf7 21. Bd5 Nd6 22. Rxf7 Nxf7 23. Ne7+ Kh8 24. Nxc8 Rxc8 25. Bxf7 1-0

[Event "Early-Titled-Tuesday-Blitz-September-05-2023"]
[Site "Chess.com"]
[Date "2023.09.05"]
[Round "9"]
[White "thedjoker98"]
[Black "Legendinunknown"]
[Result "0-1"]
[WhiteElo "2621"]
[BlackElo "2823"]
[TimeControl "180+1"]
[EndTime "9:39:10 PDT"]
[Termination "Legendinunknown won by resignation"]

1. d4 Nf6 2. c4 e6 3. Nc3 Bb4 4. g3 c5 5. Nf3 b6 6. Bg2 Bb7 7.
O-O Bxc3 8. bxc3 d6 9. d5 exd5 10. Nh4 O-O 11. cxd5 Nbd7 12. e4 b5 13. f4 c4 14. Re1 Re8 15. Nf5 Nc5 16. Nxd6 Qxd6 17.
e5 Qb6 18. Be3 Nxd5 19. Bxd5 Rad8 20. a4 Rxd5 21. Qe2 a6 0-1

[Event "Early-Titled-Tuesday-Blitz-September-05-2023"]
[Site "Chess.com"]
[Date "2023.09.05"]
[Round "9"]
[White "LeoWin2012"]
[Black "Kapitan_Bayan"]
[Result "0-1"]
[WhiteElo "2208"]
[BlackElo "2199"]
[TimeControl "180+1"]
[EndTime "9:39:47 PDT"]
[Termination "Kapitan_Bayan won by resignation"]

1. e4 c5 2. Nf3 d6 3. Bb5+ Nd7 4. d4 cxd4 5. Qxd4 a6 6. Bxd7+ Bxd7 7. c4 Nf6 8. Nc3 g6 9. h3 Bg7 10. Be3 Kf8 11.
O-O Ng4 12. Qd2 Nxe3 13. Qxe3 Qc7 14. Nd5 Qc5 15. Nb6 Qxe3 16. Nxd7+ Ke8 17. fxe3 Kxd7 18.
Rab1 h6 19. Rfd1 Rac8 20. b3 Rc5 21. Rd5 Rhc8 22. Rbd1 Ke8 23. Rxc5 dxc5 24. Rd5 e6 25. Rd6 Ke7 26. Rb6 Rc7 27. Ne1 Bc3 28. b4 Bxe1 29. b5 Ba5 30. bxa6 Bxb6 31. a7 Bxa7 0-1

[Event "Early-Titled-Tuesday-Blitz-September-05-2023"]
[Site "Chess.com"]
[Date "2023.09.05"]
[Round "9"]
[White "ChessRook_E"]
[Black "buenamor1972"]
[Result "0-1"]
[WhiteElo "2233"]
[BlackElo "2320"]
[TimeControl "180+1"]
[EndTime "9:39:47 PDT"]
[Termination "buenamor1972 won by resignation"]

1. d4 Nf6 2. c4 e6 3. Nc3 Bb4 4.
Bg5 c5 5. Nf3 cxd4 6. Nxd4 Qa5 7. Bd2 Nc6 8. Nxc6 dxc6 9. a3 Be7 10. Nd5 Qd8 11. Nxe7 Qxe7 12. Bc3 O-O 13. Qc2 c5 14. e3 b6 15. Bd3 Bb7 16. O-O h6 17. b4 Rad8 18. Rfd1 e5 19. Be2 Ne4 20. Bb2 Ng5 21.
f3 f6 22. e4 Ne6 23. Bf1 Rxd1 24. Rxd1 Rd8 25. bxc5 Qxc5+ 26. Kh1 Rxd1 27. Qxd1 Qf2 28. c5 Nxc5 29. Bc4+ Kh7 30. h3 Qxb2 31. Qd8 Qc1+ 32.
Kh2 Qxc4 0-1

[Event "Early-Titled-Tuesday-Blitz-September-05-2023"]
[Site "Chess.com"]
[Date "2023.09.05"]
[Round "9"]
[White "suyu28"]
[Black "dosto07"]
[Result "1-0"]
[WhiteElo "2719"]
[BlackElo "2508"]
[TimeControl "180+1"]
[EndTime "9:39:59 PDT"]
[Termination "suyu28 won by resignation"]

1. d4 d5 2. c4 dxc4 3. Nf3 Nf6 4. e3 e6 5. Bxc4 c5 6. O-O a6 7. b3 Nc6 8. Bb2 cxd4 9. Nxd4 Bd7 10. Nd2 Nxd4 11.
Bxd4 Be7 12. Nf3 O-O 13. Ne5 Bb5 14. Qf3 Bxc4 15. Nxc4 Qd5 16. Nb6 Qxf3 17. gxf3 Rad8 18. Rac1 Bd6 19. Rfd1 Bb8 20. Bxf6 gxf6 21. Nd7 Kg7 22. Nxf8 Rxf8 23. Rd7 b5 24. Rc6 a5 25. Rxe6 Kg6 26. Rb6 Rc8 27. Rxb5 Be5 28. Rxa5 Rc1+ 29. Kg2 Rc2 30. Rxe5 fxe5 31. a4 Rb2 32. Rb7 Ra2 33. Rb5 Kf6 34. a5 Ke6 35. b4 f5 36. Rb6+ Kd5 37.
a6 e4 38. fxe4+ Kxe4 39. b5 h5 40. Rb7 h4 41. h3 Kd3 42. Rf7 Ke4 43. a7 1-0

[Event "Early-Titled-Tuesday-Blitz-September-05-2023"]
[Site "Chess.com"]
[Date "2023.09.05"]
[Round "9"]
[White "GOGIEFF"]
[Black "vugarrasulov"]
[Result "0-1"]
[WhiteElo "3005"]
[BlackElo "2953"]
[TimeControl "180+1"]
[EndTime "9:40:04 PDT"]
[Termination "vugarrasulov won by resignation"]

1. d4 Nf6 2. c4 e6 3. Nf3 Bb4+ 4. Nbd2 O-O 5. a3 Be7 6. e4 d6 7.
Be2 c5 8. d5 exd5 9. cxd5 Re8 10.
O-O Bf8 11. Qc2 Bg4 12. b3 Nbd7 13. h3 Bh5 14. Bd3 a6 15. a4 Bg6 16. a5 Rc8 17.
Bb2 Nh5 18. Rfe1 Nf4 19. Bc4 Nf6 20. Bxf6 Qxf6 21. Kh2 Re7 22. Re3 Qxa1 0-1

[Event "Early-Titled-Tuesday-Blitz-September-05-2023"]
[Site "Chess.com"]
[Date "2023.09.05"]
[Round "9"]
[White "TC2304"]
[Black "ashwanitiwari"]
[Result "1-0"]
[WhiteElo "2341"]
[BlackElo "2181"]
[TimeControl "180+1"]
[EndTime "9:40:07 PDT"]
[Termination "TC2304 won by resignation"]

1. c4 f5 2. g3 Nf6 3. Bg2 d6 4.
d3 g6 5. Nc3 Bg7 6. e4 fxe4 7.
Nxe4 e5 8. Nxf6+ Qxf6 9. Ne2 O-O 10. Be3 Nc6 11. O-O Be6 12. Nc3 Qe7 13. Rb1 Qd7 14.
Nd5 Rac8 15. b4 Bh3 16. b5 Bxg2 17. Kxg2 Ne7 18. Nxe7+ Qxe7 19. Qg4 b6 20. h4 Rce8 21. Qe4 Qe6 22. h5 Rf5 23. hxg6 hxg6 24. Rb3 Ref8 25.
Ra3 Rh5 26. Rh1 Rxh1 27. Kxh1 Qf5 28. Rxa7 Qh5+ 29. Kg2 Rf7 30. Qc6 Bh6 31. Bxh6 Qxh6 32. Rxc7 Rxc7 33. Qxc7 1-0

[Event "Early-Titled-Tuesday-Blitz-September-05-2023"]
[Site "Chess.com"]
[Date "2023.09.05"]
[Round "9"]
[White "Agoking701"]
[Black "ckgchess"]
[Result "0-1"]
[WhiteElo "2569"]
[BlackElo "2860"]
[TimeControl "180+1"]
[EndTime "9:40:13 PDT"]
[Termination "ckgchess won by checkmate"]

1. e4 e5 2. Nf3 Nf6 3. Nxe5 d5 4. exd5 Qxd5 5. d4 Nc6 6. Nxc6 Qxc6 7. Nc3 Bb4 8. Bd2 O-O 9. Bd3 Qxg2 10. Rf1 Re8+ 11. Ne2 Bh3 12. Bxb4 Qxf1+ 13. Kd2 Qxf2 14. Qg1 Qf3 15. Qg3 Ne4+ 16. Bxe4 Qxe4 17. Nf4 Qxd4+ 18.
Nd3 Qg4 19. Qxc7 Qe2+ 20. Kc1 Rac8 21. Qg3 Qxc2# 0-1

[Event "Early-Titled-Tuesday-Blitz-September-05-2023"]
[Site "Chess.com"]
[Date "2023.09.05"]
[Round "9"]
[White "mamey78"]
[Black "falzehope0"]
[Result "1-0"]
[WhiteElo "2607"]
[BlackElo "2460"]
[TimeControl "180+1"]
[EndTime "9:40:15 PDT"]
[Termination "mamey78 won by checkmate"]

1. e4 d5 2. exd5 Nf6 3. c4 e6 4. d4 exd5 5. Nc3 Bb4 6. Nf3 O-O 7. h3 Re8+ 8. Be3 Nc6 9. Bd3 Ne4 10. O-O Nxc3 11. bxc3 Bxc3 12. Bxh7+ Kh8 13. Ng5 Qf6 14. Qh5 Bxa1 15. Nxf7+ Qxf7 16. Qxf7 Bg4 17. Bc2 Be2 18. Qxd5 Bxf1 19. Kxf1 Rad8 20. Qh5+ Kg8 21. Bh7+ Kf8 22. Qf5+ Ke7 23. Bg5+ Kd6 24. c5# 1-0

[Event "Early-Titled-Tuesday-Blitz-September-05-2023"]
[Site "Chess.com"]
[Date "2023.09.05"]
[Round "9"]
[White "Taran2004"]
[Black "aghasiyevkamal"]
[Result "0-1"]
[WhiteElo "2366"]
[BlackElo "2535"]
[TimeControl "180+1"]
[EndTime "9:40:27 PDT"]
[Termination "aghasiyevkamal won by resignation"]

1. e4 e5 2. Nf3 Nc6 3. d4 exd4 4. Nxd4 Bc5 5. Nxc6 Qf6 6. Qf3 bxc6 7. Nc3 Qxf3 8. gxf3 Ne7 9. Be3 Bb6 10. O-O-O d6 11. Bc4 Be6 12. Bb3 Bxb3 13. axb3 f5 14. Rhg1 O-O 15. f4 fxe4 16. Nxe4 Bxe3+ 17. fxe3 Nf5 18. Ng5 Nxe3 19. Rde1 Rae8 20. Kd2 Nd5 21. Ne6 Rf7 22. f5 Nf6 23. c4 d5 24. Kd3 Ne4 25. Kd4 Nd6 26. cxd5 Nxf5+ 27. Kc5 cxd5 28. Kxd5 Rd7+ 29. Kc4 Rde7 30. Kd5 c6+ 31. Kxc6 Rxe6+ 32. Rxe6 Rxe6+ 33. Kb7 Rb6+ 34. Kxa7 Rxb3 35. Rf1 0-1

[Event "Early-Titled-Tuesday-Blitz-September-05-2023"]
[Site "Chess.com"]
[Date "2023.09.05"]
[Round "9"]
[White "Hoshka"]
[Black "hsd2016"]
[Result "0-1"]
[WhiteElo "2045"]
[BlackElo "2265"]
[TimeControl "180+1"]
[EndTime "9:40:28 PDT"]
[Termination "hsd2016 won on time"]

1. d4 c5 2. d5 d6 3. Nc3 Nf6 4. e4 a6 5. a4 g6 6. Be2 Bg7 7. Nf3 O-O 8. O-O b6 9. Re1 Nbd7 10. h3 Rb8 11. Bf4 Nh5 12. Bh2 Nhf6 13. e5 dxe5 14. Nxe5 Nxe5 15. Bxe5 Ra8 16. Bf3 Bb7 17. Qd2 Qd7 18.
Rad1 Rad8 19. g4 h5 20. g5 Nh7 21. Bxg7 Kxg7 22. Qf4 Qxh3 23. Rxe7 Bc8 24. Qe5+ Kg8 25. Re1 Bg4 26. Bg2 Qh4 27. f4 Qg3 28. Kh1 h4 29. Qe4 h3 30. Bf1 Bf3+ 0-1

[Event "Early-Titled-Tuesday-Blitz-September-05-2023"]
[Site "Chess.com"]
[Date "2023.09.05"]
[Round "9"]
[White "GamayevOleg"]
[Black "HajiyevKanan"]
[Result "1/2-1/2"]
[WhiteElo "2591"]
[BlackElo "2471"]
[TimeControl "180+1"]
[EndTime "9:40:37 PDT"]
[Termination "Game drawn - insufficient material"]

1. d3 b6 2. e4 Bb7 3. Nf3 d5 4. Nbd2 c5 5. c3 Nf6 6. exd5 Nxd5 7. Nb3 e6 8. Be2 Bd6 9. O-O O-O 10. Re1 Nc6 11.
Bf1 Qc7 12. d4 cxd4 13. Nbxd4 Nxd4 14. Qxd4 Rad8 15. h3 Nf4 16. Qe3 h6 17. Ne5 Bxe5 18. Qxe5 Qxe5 19. Rxe5 Nd3 20. Bxd3 Rxd3 21. Re1 Rfd8 22.
Be3 f6 23. f3 e5 24. Kf2 Kf7 25. Ke2 Ba6 26. Kf2 Ke6 27. Rac1 R8d7 28. c4 h5 29. b3 h4 30. Ke2 g5 31. Red1 Rxd1 32. Rxd1 Rxd1 33. Kxd1 Bb7 34. Ke2 Kd6 35. a4 Bc6 36.
Bf2 Ke6 37. Be3 Kf5 38. Kf2 e4 39. Bd4 exf3 40. gxf3 Ke6 41. Ke3 f5 42. Kf2 Bd7 43. Be3 Kf6 44. Kg2 g4 45. fxg4 fxg4 46. hxg4 Bxg4 47.
c5 bxc5 48. Bxc5 a6 49. b4 Bd7 50. b5 axb5 51. axb5 Bxb5 52. Be7+ Kxe7 53. Kh3 Bd7+ 54. Kxh4 1/2-1/2

[Event "Early-Titled-Tuesday-Blitz-September-05-2023"]
[Site "Chess.com"]
[Date "2023.09.05"]
[Round "9"]
[White "nrvisakh"]
[Black "nihalsarin"]
[Result "0-1"]
[WhiteElo "2878"]
[BlackElo "3131"]
[TimeControl "180+1"]
[EndTime "9:40:38 PDT"]
[Termination "nihalsarin won by resignation"]

1. c4 e6 2. Nc3 d5 3. e3 Nf6 4. Nf3 c6 5. b3 Bd6 6. d4 O-O 7. Bb2 b6 8. Bd3 Bb7 9. O-O Nbd7 10. Rc1 Qe7 11. e4 dxc4 12. bxc4 e5 13. d5 Ba3 14. Bxa3 Qxa3 15. Qb3 Qe7 16. dxc6 Bxc6 17.
Nd5 Qd6 18. Rfd1 Rfd8 19. Bb1 Nc5 20. Qe3 Qf8 21. Nxf6+ gxf6 22. Nh4 Rxd1+ 23. Rxd1 Rd8 24. Rd5 Bxd5 25. exd5 Nb7 26. Nf5 Nd6 27. Qg3+ Kh8 28. Qh4 Nxf5 29. Bxf5 Qg7 30. g3 h6 31. f4 exf4 32.
Qxf4 Qg5 33. Qe4 Kg7 34. Kg2 Kf8 35. h3 Re8 36. Qd3 Re3 0-1

[Event "Early-Titled-Tuesday-Blitz-September-05-2023"]
[Site "Chess.com"]
[Date "2023.09.05"]
[Round "9"]
[White "Journey_to_GrandMaster_YT"]
[Black "hansen"]
[Result "0-1"]
[WhiteElo "2629"]
[BlackElo "2859"]
[TimeControl "180+1"]
[EndTime "9:40:40 PDT"]
[Termination "hansen won on time"]

1. d4 Nf6 2. Nf3 g6 3. g3 Bg7 4. Bg2 O-O 5. O-O d5 6. c3 Nc6 7. a4 Re8 8. a5 a6 9. Qb3 e5 10. dxe5 Nxe5 11. Nxe5 Rxe5 12. Bf4 Rxe2 13. Rd1 c6 14. c4 Ng4 15. Nc3 Rxf2 16. cxd5 Rxf4 17. gxf4 Qh4 18. h3 Qf2+ 19. Kh1 Ne3 20. Rg1 Qxf4 21. Ne2 Qe5 22. dxc6 bxc6 23. Rae1 Nxg2 24. Rxg2 Be6 25. Qf3 Bd5 26. Qf2 Re8 27. Kg1 Qxb2 28. Rg3 Qd2 29.
Kf1 Bc4 30. Rg2 Bc3 31. Qh4 Re4 32. Qg3 Bxa5 0-1

[Event "Early-Titled-Tuesday-Blitz-September-05-2023"]
[Site "Chess.com"]
[Date "2023.09.05"]
[Round "9"]
[White "Jospem"]
[Black "TigrVShlyape"]
[Result "1-0"]
[WhiteElo "3047"]
[BlackElo "2866"]
[TimeControl "180+1"]
[EndTime "9:40:41 PDT"]
[Termination "Jospem won by resignation"]

1. e4 c5 2. Nf3 Nc6 3. c3 d5 4. exd5 Qxd5 5. d4 Bg4 6. Be2 e6 7. Be3 cxd4 8. cxd4 Bb4+ 9. Nc3 Nf6 10. O-O Bxc3 11. bxc3 O-O 12. h3 Bh5 13. c4 Qd6 14. Rb1 b6 15. c5 Qd5 16. Qa4 Rfd8 17. Rfc1 bxc5 18. Rxc5 Qe4 19. Nd2 Qh4 20. Bxh5 Nxd4 21. Rc4 Qxh5 22. Rxd4 Nd5 23. Re1 h6 24. Nf3 a5 25. Bd2 Rdc8 26. Rh4 Qf5 27. Qd4 Rc2 28. Rg4 Nf6 29. Bxh6 1-0

[Event "Early-Titled-Tuesday-Blitz-September-05-2023"]
[Site "Chess.com"]
[Date "2023.09.05"]
[Round "9"]
[White "Shockerlover"]
[Black "Witty_Alien"]
[Result "1/2-1/2"]
[WhiteElo "1977"]
[BlackElo "2166"]
[TimeControl "180+1"]
[EndTime "9:40:41 PDT"]
[Termination "Game drawn by agreement"]

1. d4 e5 2. dxe5 d6 3. exd6 Bxd6 4. Nf3 Nf6 5. e3 Nc6 6. Bb5 Bg4 7. O-O Qd7 8. h3 Bxh3 9. gxh3 Qxh3 10. Re1 Ng4 11. Bf1 Bh2+ 12. Kh1 1/2-1/2

[Event "Early-Titled-Tuesday-Blitz-September-05-2023"]
[Site "Chess.com"]
[Date "2023.09.05"]
[Round "9"]
[White "Duhless"]
[Black "Athanasios2"]
[Result "1-0"]
[WhiteElo "2999"]
[BlackElo "2705"]
[TimeControl "180+1"]
[EndTime "9:40:42 PDT"]
[Termination "Duhless won by resignation"]

1. e4 c5 2. Nc3 d6 3. g3 Nf6 4.
Bg2 g6 5. Nge2 Bg7 6. O-O O-O 7. Nd5 e6 8. Nxf6+ Bxf6 9. c3 d5 10. d4 dxe4 11. dxc5 Qc7 12. Qd6 Qxd6 13. cxd6 Rd8 14. Rd1 Bd7 15. Bxe4 Bc6 16. Bg2 Bxg2 17. Kxg2 Na6 18.
Bf4 Nc5 19. Rac1 b5 20. b4 Na4 21. Rc2 Rac8 22. Be3 a6 23. d7 Rc7 24. Rcd2 Kf8 25. Rd6 Ke7 26. Rxa6 Rcxd7 27. Rxd7+ Rxd7 28. c4 Nc3 29.
Bc5+ Kd8 30. Nxc3 Bxc3 31. cxb5 Rb7 32. a4 Kd7 33. Rd6+ Kc7 34. Rc6+ Kd7 35. Rd6+ Ke8 36. b6 Be5 37. Rd3 1-0

[Event "Early-Titled-Tuesday-Blitz-September-05-2023"]
[Site "Chess.com"]
[Date "2023.09.05"]
[Round "9"]
[White "Shuvalov"]
[Black "RIPOL"]
[Result "1-0"]
[WhiteElo "2494"]
[BlackElo "2410"]
[TimeControl "180+1"]
[EndTime "9:40:49 PDT"]
[Termination "Shuvalov won by checkmate"]

1. d4 Nf6 2. c4 e6 3. Nc3 Bb4 4. e3 O-O 5. a3 Bxc3+ 6. bxc3 c5 7. Ne2 b6 8. Ng3 d5 9. cxd5 exd5 10. f3 Re8 11.
Bd3 Ba6 12. O-O Bxd3 13. Qxd3 Nc6 14. Bb2 h5 15. Rae1 Rc8 16. e4 cxd4 17. cxd4 dxe4 18. fxe4 Ne5 19. Qd1 Nc4 20. Bc1 h4 21. Nf5 Re6 22.
e5 Nd5 23. Qg4 Rg6 24. Qf3 Rc7 25. Re4 b5 26. Rxh4 Ne7 27. Qh3 Nxf5 28. Rh8# 1-0

[Event "Early-Titled-Tuesday-Blitz-September-05-2023"]
[Site "Chess.com"]
[Date "2023.09.05"]
[Round "9"]
[White "Rosh1610"]
[Black "borocotoajua"]
[Result "0-1"]
[WhiteElo "2470"]
[BlackElo "2605"]
[TimeControl "180+1"]
[EndTime "9:40:50 PDT"]
[Termination "borocotoajua won by checkmate"]

1. e4 c6 2. Nc3 d5 3. Nf3 Bg4 4. h3 Bxf3 5. Qxf3 e6 6. Be2 d4 7. Nb1 Nd7 8. d3 Bd6 9. O-O Ne5 10. Qg3 Ng6 11. f4 h5 12. Na3 h4 13. Qf3 N8e7 14.
Nc4 Bc7 15. f5 exf5 16. exf5 Ne5 17. Nxe5 Bxe5 18. Bf4 Bf6 19. Rae1 Qb6 20. b3 O-O-O 21. Qg4 Qc5 22. Bf3 Nd5 23. Bxd5 Rxd5 24. Re2 Qa5 25. a4 Qd8 26. Rfe1 Qd7 27. Bh2 Qxf5 28. Re8+ Rxe8 29.
Rxe8+ Kd7 30. Qxf5+ Rxf5 31. Rb8 Bg5 32. Rc8 Be3+ 33.
Kh1 Rf1+ 34. Bg1 Rxg1+ 35. Kh2 Kxc8 36. g4 hxg3# 0-1

[Event "Early-Titled-Tuesday-Blitz-September-05-2023"]
[Site "Chess.com"]
[Date "2023.09.05"]
[Round "9"]
[White "Qvalda"]
[Black "FREDERICKtheMATE"]
[Result "0-1"]
[WhiteElo "2384"]
[BlackElo "2541"]
[TimeControl "180+1"]
[EndTime "9:40:54 PDT"]
[Termination "FREDERICKtheMATE won on time"]

1. d4 Nf6 2. Nf3 e6 3. g3 d5 4.
Bg2 c5 5. O-O Nc6 6. c4 cxd4 7.
Nxd4 Bc5 8. Nxc6 bxc6 9. Nc3 O-O 10. b3 Ba6 11. cxd5 cxd5 12. Bb2 Rc8 13. Qd2 Qa5 14. Rfd1 Bb4 15. Rac1 Qb6 16. Qf4 Bd6 17. Qd2 Ng4 18.
e3 Ne5 19. Na4 Qb8 20. Bxe5 Bxe5 21. Nc5 Bb5 22. Bf1 Bd6 23. Bxb5 Qxb5 24. Nd3 Ba3 25. Rc2 Qb7 26. Rxc8 Rxc8 27. Qa5 Qe7 28. Qa6 Rc3 29. Ne5 g6 30. Nc6 Qd6 31. Nb4 Bxb4 32. Qxa7 Rc2 33. Rd4 Bc5 34. Qa8+ Qf8 0-1

[Event "Early-Titled-Tuesday-Blitz-September-05-2023"]
[Site "Chess.com"]
[Date "2023.09.05"]
[Round "9"]
[White "tk22h"]
[Black "KVAIDAN"]
[Result "1-0"]
[WhiteElo "2395"]
[BlackElo "2232"]
[TimeControl "180+1"]
[EndTime "9:40:58 PDT"]
[Termination "tk22h won by resignation"]

1. d4 e6 2. Nf3 f5 3. c4 Nf6 4.
g3 Be7 5. Bg2 O-O 6. O-O d6 7. Nc3 a5 8. Qd3 Nc6 9. e4 Nb4 10. Qe2 fxe4 11. Nxe4 Nxe4 12. Qxe4 e5 13. dxe5 Bf5 14. Qxb7 Rb8 15. Qa7 Be4 16. Bd2 Bxf3 17. Bxf3 Rxf3 18. Qxa5 c5 19. Qxd8+ Rxd8 20. exd6 Rxd6 21.
Bxb4 cxb4 22. Rad1 Rxd1 23. Rxd1 Bc5 24. Rd2 Kf7 25.
Kg2 Rf5 26. f4 Rf6 27. Kf3 Ra6 28. b3 Ke6 29. Ke4 Rd6 30. Rxd6+ Kxd6 31. g4 Bg1 32. h3 Bf2 33. Kf5 Bd4 34. Ke4 Bc3 35. h4 Be1 36. h5 h6 37. Kf5 Bd2 38. g5 hxg5 39.
fxg5 Ke7 40. Kg6 Kf8 41. h6 gxh6 42. gxh6 Kg8 43. h7+ Kh8 44. c5 Be3 45. c6 Bb6 46. Kf7 Kxh7 47. Ke7 Kg6 48. Kd7 Kf5 49. c7 Bxc7 50.
Kxc7 Ke4 51. Kc6 Kd4 52. Kb5 Kc3 53. Ka4 Kb2 54. Kxb4 1-0

[Event "Early-Titled-Tuesday-Blitz-September-05-2023"]
[Site "Chess.com"]
[Date "2023.09.05"]
[Round "9"]
[White "HeinichessPY"]
[Black "AttilaTurzo"]
[Result "1-0"]
[WhiteElo "2225"]
[BlackElo "2494"]
[TimeControl "180+1"]
[EndTime "9:40:59 PDT"]
[Termination "HeinichessPY won by resignation"]

1. e4 c5 2. Nc3 d6 3. f4 Nc6 4.
Nf3 g6 5. Bc4 Bg7 6. d3 e6 7.
O-O Nge7 8. Qe1 O-O 9. Qh4 d5 10.
Bb3 f5 11. exd5 exd5 12. Bd2 h6 13. Rae1 Qd6 14. Ne5 g5 15. Qh5 Nxe5 16. fxe5 Bxe5 17. Rxe5 Qxe5 18. Re1 Qg7 19. Rxe7 Qxe7 20. Nxd5 Qg7 21. Bc3 Be6 22. Bxg7 Kxg7 23. Ne7 Kf6 24. Qg6+ Kxe7 25. Qxe6+ Kd8 26. Qd6+ Ke8 27. Be6 Rd8 28. Qe5 Ke7 29. Bxf5+ Kf7 30. Qe6+ Kg7 31. Qg6+ 1-0

[Event "Early-Titled-Tuesday-Blitz-September-05-2023"]
[Site "Chess.com"]
[Date "2023.09.05"]
[Round "9"]
[White "merinasian"]
[Black "Goi_Manne"]
[Result "1-0"]
[WhiteElo "2437"]
[BlackElo "2309"]
[TimeControl "180+1"]
[EndTime "9:41:02 PDT"]
[Termination "merinasian won by resignation"]

1. d4 d5 2. Nf3 c6 3. e3 e6 4. c4 f5 5. Nbd2 Nf6 6. Bd3 Bd6 7. c5 Bc7 8. b4 O-O 9. a4 Ne4 10. Bb2 Qf6 11. b5 Qg6 12. g3 Bd7 13. Qb3 Be8 14.
b6 axb6 15. cxb6 Bd6 16. Ba3 Bxa3 17. Rxa3 Nd7 18. a5 c5 19. dxc5 Ndxc5 20. Qb2 Nxd3+ 21.
Rxd3 Rxa5 22. Ra3 Rb5 23. Qd4 Qf6 24. Ne5 Nxd2 25. Kxd2 Bh5 26. Rc1 Qd8 27. Rc7 Bf7 28.
Ra7 Qd6 29. Raxb7 Rb4 30. Qc3 Rxb6 31. Rxf7 Rxf7 32. Rxf7 d4 33. Qc8+ 1-0

[Event "Early-Titled-Tuesday-Blitz-September-05-2023"]
[Site "Chess.com"]
[Date "2023.09.05"]
[Round "9"]
[White "FeketeBarika"]
[Black "isaak2009"]
[Result "1-0"]
[WhiteElo "2389"]
[BlackElo "2517"]
[TimeControl "180+1"]
[EndTime "9:41:05 PDT"]
[Termination "FeketeBarika won by resignation"]

1. Nf3 Nf6 2. g3 c5 3. Bg2 Nc6 4. c4 g6 5. Nc3 Bg7 6. O-O d6 7.
d4 cxd4 8. Nxd4 Bd7 9. Bg5 h6 10.
Bxf6 Bxf6 11. e3 h5 12. h4 O-O 13. Ne4 Bg7 14. Rc1 Qb6 15. Nxc6 bxc6 16. b3 c5 17.
Ng5 Bc6 18. f3 a5 19. a4 Rab8 20. Rb1 Qc7 21. Kh2 Rb7 22. Qd3 Rfb8 23. Bh3 Bd7 24. Bg2 Rb4 25. f4 Qb6 26. Bd5 e6 27. Be4 Rxb3 28.
Rxb3 Qxb3 29. Qxd6 Qxc4 30. Qxb8+ Bf8 31. Bg2 Bc6 32. Bxc6 Qxf1 33. Qe8 1-0

[Event "Early-Titled-Tuesday-Blitz-September-05-2023"]
[Site "Chess.com"]
[Date "2023.09.05"]
[Round "9"]
[White "amylazy"]
[Black "NovozhilovSemen"]
[Result "0-1"]
[WhiteElo "2447"]
[BlackElo "2571"]
[TimeControl "180+1"]
[EndTime "9:41:07 PDT"]
[Termination "NovozhilovSemen won by resignation"]

1. d4 Nf6 2. Nf3 e6 3. e3 c5 4. Bd3 cxd4 5. exd4 b6 6. O-O Bb7 7. c4 d6 8. Nc3 Be7 9. Re1 O-O 10. d5 e5 11. b3 Nbd7 12. Bb2 h6 13. Rc1 Bc8 14. Bb1 Ne8 15. b4 f5 16. Nb5 a6 17. Na3 Kh7 18. c5 bxc5 19. bxc5 Nxc5 20. Rxc5 dxc5 21. Nxe5 Bb7 22. Nac4 Rb8 23. Qh5 Qxd5 24. Bxf5+ Kg8 25. Be4 Qe6 26. Bxb7 Rxb7 27. Nf3 Qxc4 28. Bxg7 Nxg7 0-1

[Event "Early-Titled-Tuesday-Blitz-September-05-2023"]
[Site "Chess.com"]
[Date "2023.09.05"]
[Round "9"]
[White "WilsonPalencia21"]
[Black "AlexPapasimakopoulos"]
[Result "0-1"]
[WhiteElo "2558"]
[BlackElo "2746"]
[TimeControl "180+1"]
[EndTime "9:41:12 PDT"]
[Termination "AlexPapasimakopoulos won by resignation"]

1. d4 d5 2. c4 e6 3. Nf3 a6 4. cxd5 exd5 5. Nc3 c6 6. Bg5 Be7 7. Bf4 Nf6 8. e3 O-O 9. Bd3 Re8 10. h3 Nbd7 11. O-O Nf8 12. Qc2 Bd6 13. Bg5 h6 14. Bf4 Bxf4 15. exf4 Ne6 16. g3 Qb6 17. Na4 Qa7 18.
Rad1 b5 19. Nc5 Nxc5 20. dxc5 Bxh3 21. Rfe1 Bg4 22. Kg2 Bxf3+ 23. Kxf3 g6 24. Re5 Rxe5 25. fxe5 Nd7 26. e6 Ne5+ 27. Kg2 Nxd3 28. Qxd3 Qxc5 29. Re1 f5 30. Qd2 g5 31. Qd3 d4 32. g4 Rf8 33. e7 Re8 34. Qxf5 Qxf5 35. gxf5 d3 36. f6 Kf7 37. Rh1 d2 38. Kf3 Kxf6 39. Rxh6+ Ke5 40.
Ke2 Rxe7 41. Rxc6 Kd5+ 0-1